 Dungeon Crawl Stone Soup version 0.30.1 (webtiles) character file.

Game seed: 912991311087240536

28228 DemonSlayer the Thaumaturge (level 13, -16/88 HPs)
             Began as a Demonspawn Earth Elementalist on July 8, 2023.
             Was a High Priest of Dithmenos.
             Demolished by Saint Roka
             ... wielding a +0 broad axe of flaming
              (32 damage)
             ... on level 2 of the Orcish Mines.
             The game lasted 00:47:50 (18007 turns).

DemonSlayer the Thaumaturge (DsEE)                 Turns: 18007, Time: 00:47:51

Health: -16/88     AC: 16    Str:  9    XL:     13   Next: 8%
Magic:  3/28       EV: 20    Int: 20    God:    Dithmenos [*****.]
Gold:   240        SH:  0    Dex: 29    Spells: 12/35 levels left

rFire   + . .        r - +8 rapier "Demonbane" {heavy, rPois Will+ Dex+2}
rCold   + . .        i - orb {*channel}
rNeg    + . .        w - +3 leather armour of the Blessed Realm {Regen+}
rPois   +            H - +1 hat
rElec   +            q - +0 cloak
rCorr   +            d - +1 pair of gloves "Kurhis" {rN+ Int+3 Dex+3}
SInv    .            N - +0 pair of boots
Will    +....        b - amulet of regeneration
Stlth   ++++++       h - +6 ring of dexterity
HPRegen 1.94/turn    x - +4 ring of protection
MPRegen 0.21/turn

%: channel magic (20%)
@: mighty, resistant, hasted, wreathed by umbra, studying Dodging, very quick
A: horns 1, repulsion field 2, powered by death 1, condensation shield
a: Renounce Religion, Shadow Step, Shadow Form


You were on level 2 of the Orcish Mines.
You worshipped Dithmenos.
Dithmenos was extremely pleased with you.
You visited 3 branches of the dungeon, and saw 13 of its levels.
You also visited: Ossuary and Gauntlet.

You collected 1780 gold pieces.
You spent 1540 gold pieces at shops.

Inventory:

Hand Weapons
 j - a +2 dagger of chaos
 r - the +8 rapier "Demonbane" (weapon) {heavy, rPois Will+ Dex+2}
   (You found it on level 6 of the Dungeon)

   Dex:       It affects your dexterity (+2).
   rPois:     It protects you from poison.
   Will:      It increases your willpower.
Missiles
 I - 9 silver boomerangs
Armour
 d - the +1 pair of gloves "Kurhis" (worn) {rN+ Int+3 Dex+3}
   (You found it in a Gauntlet)

   Int:       It affects your intelligence (+3).
   Dex:       It affects your dexterity (+3).
   rN:        It protects you from negative energy.
 i - an orb of energy (worn)
 q - a +0 cloak (worn)
 w - the +3 leather armour of the Blessed Realm (worn) {Regen+}
   (You found it on level 3 of the Dungeon)

   Regen:     It increases your rate of health regeneration.
 H - a +1 hat (worn)
 N - a +0 pair of boots (worn)
Jewellery
 b - an amulet of regeneration (around neck)
 h - a +6 ring of dexterity (left hand)
 x - a +4 ring of protection (right hand)
 F - a ring of flight
Wands
 l - a wand of polymorph (10)
 v - a wand of flame (34)
 E - a wand of iceblast (12) (quivered)
 L - a wand of digging (4)
Scrolls
 k - a scroll of enchant armour
 o - a scroll of teleportation
 u - 3 scrolls of immolation
 z - 2 scrolls of blinking
 A - 2 scrolls of poison
 B - a scroll of amnesia
Potions
 a - 2 potions of invisibility
 c - 2 potions of resistance
 e - 2 potions of flight
 f - a potion of ambrosia
 g - 14 potions of curing
 n - a potion of haste
 p - 2 potions of attraction
 s - a potion of brilliance {unknown}
 t - 5 potions of lignification
 C - 3 potions of magic
 D - a potion of cancellation {unknown}
 G - a potion of mutation {unknown}
Miscellaneous
 J - a phantom mirror (inert)


   Skills:
 + Level 4.0 Fighting
 + Level 5.3 Short Blades
 + Level 0.3 Axes
 + Level 5.1 Armour
 + Level 6.2 Dodging
 + Level 5.0 Stealth
 + Level 3.1 Shields
 + Level 11.7 Spellcasting
 + Level 7.4 Conjurations
 + Level 1.1 Transmutations
 + Level 10.7 Earth Magic
 + Level 1.7 Evocations


You had 12 spell levels left.
You knew the following spells:

 Your Spells              Type           Power      Damage    Failure   Level
a - Sandblast             Erth           100%       2d20      1%          1
b - Passwall              Tmut/Erth      29%        N/A       5%          2
c - Stone Arrow           Conj/Erth      96%        3d13      3%          3
d - Swiftness             Air            11%        N/A       43%         3
e - Petrify               Tmut/Erth      35%        N/A       19%         4
f - Blink                 Tloc           22%        N/A       28%         2
g - Leda's Liquefaction   Hex/Erth       16%        N/A       22%         4
h - Dispel Undead         Necr           11%        3d9       78%         4

Your spell library contained the following spells:

 Spells                   Type           Power      Damage    Failure   Level
 Magic Dart               Conj           100%       1d8       3%          1
 Kiss of Death            Conj/Necr      100%       2d13      7%          1
 Beastly Appendage        Tmut           32%        N/A       14%         1
 Sting                    Tmut/Pois      52%        1d5       17%         1
 Ensorcelled Hibernation  Hex/Ice        22%        N/A       28%         2
 Call Canine Familiar     Summ           11%        N/A       43%         3
 Confusing Touch          Hex            11%        N/A       43%         3
 Portal Projectile        Hex/Tloc       22%        N/A       43%         3
 Manifold Assault         Tloc           11%        N/A       78%         4
 Summon Forest            Summ/Tloc      5%         N/A       98%         5
 Summon Mana Viper        Hex/Summ       11%        N/A       98%         5
 Summon Cactus Giant      Summ           5%         N/A       100%        6
 Storm Form               Tmut/Air       6%         N/A       100%        7


Dungeon Overview and Level Annotations

Branches:
Dungeon (9/15)             Temple (0/1) D:6            Lair (2/5) D:9
    Orc (2/2) D:9             Elf (0/3) Orc:2       Ossuary (visited)
Gauntlet (visited)
  Swamp: Lair:2-3    Shoals: Lair:2-3     Snake: Lair:2-3    Spider: Lair:2-3

Altars:
Ashenzari
Dithmenos
Gozag
Nemelex Xobeh
Ru
Sif Muna
Uskayaw
Vehumet

Shops:
D:3 !   Orc:1 ?   Orc:2 :[[[

Annotations:
Orc:1 6 transporters
Orc:2 Saint Roka


Innate Abilities, Weirdness & Mutations

You have a pair of small horns on your head.
You are surrounded by a moderate repulsion field. (EV +3)
You regenerate a little health from kills.
A meltable shield of frost defends you. (SH +0)


Message History

You headbutt Saint Roka, but do no damage.
Saint Roka is heavily wounded.
Saint Roka shimmers and vanishes!
Saint Roka invokes the aid of Beogh against you.
Beogh smites you!
You hear a shout!
You impale Saint Roka!!
Saint Roka is heavily wounded.
You hear a shout!
Saint Roka hits you but does no damage.
Saint Roka calls down the wrath of Beogh upon you.
Beogh smites you!
* * * LOW HITPOINT WARNING * * *
Unknown command.
You feel yourself speed up. Saint Roka completely misses you.
You feel protected.
You feel much better.
Saint Roka calls down the wrath of Beogh upon you.
Beogh smites you!
You feel very mighty all of a sudden.
Saint Roka invokes the aid of Beogh against you.
Beogh smites you!
* * * LOW HITPOINT WARNING * * *
You puncture Saint Roka!
Saint Roka is severely wounded.
Your shadow misses Saint Roka.
Saint Roka roars a battlecry!
You hear a shout!
You barely miss Saint Roka. Your headbutt misses Saint Roka.
Saint Roka is severely wounded.
You hear a shout!
Saint Roka mumbles some strange prayers to Beogh against you.
Beogh smites you!
* * * LOW HITPOINT WARNING * * *
You impale Saint Roka!!
Saint Roka is severely wounded.
You puncture Saint Roka! You headbutt Saint Roka.
Saint Roka is severely wounded.
Saint Roka hits you with a +0 broad axe of flaming!!
You die...

.................................
..............o..................
.................................
#####.###.###.o######............
#.# #.# #.o#...∩#............
#####.###.###.o#....#............
.............).#..).#............
#.###.........)##)###............
#.# #..⌠...⌠..oo@)...............
#.# #..........##'###............
#.###.###)###..#....#............
......#.....#..#....#............
#.###.#.....#..#....#......^.....
#.# #.#.._..#..#...∩#............
#.###.#######..######............
............o....................
.................................


You could see Saint Roka and an orc warrior (strong).

Vanquished Creatures
  A quicksilver ooze (Gauntlet)
  A minotaur (Gauntlet)
  A centaur warrior (D:9)
  Erica (D:8)
  A death yak (Lair:2)
  4 two-headed ogres
  A skyshark (Lair:1)
  7 orc knights (Orc:2)
  An orc sorcerer (Orc:2)
  An ugly thing (D:7)
  The ghost of Fractals the Fighter, a novice KoBe of Trog (D:6)
  An elephant (Lair:1)
  Maurice (D:8)
  Joseph (D:7)
  A black mamba (Lair:2)
  3 cane toads
  A gargoyle (D:6)
  4 komodo dragons
  A tengu conjurer (D:7)
  3 meliai (Gauntlet)
  A troll (Orc:2)
  A hornet (D:7)
  A spriggan (D:9)
  2 wyverns
  15 yaks
  Grum (D:8)
  2 steam dragons
  7 wargs
  An acid dragon (D:8)
  7 water moccasins
  29 orc warriors
  2 ice beasts (D:6)
  A black bear (D:5)
  3 centaurs
  3 sky beasts
  3 wolves (D:8)
  14 ogres
  An elf zombie (Ossuary)
  A kobold brigand (D:8)
  3 gnoll sergeants
  10 bullfrogs
  2 scorpions (D:6)
  4 wights (D:7)
  10 killer bees
  7 howler monkeys
  A centaur zombie (Ossuary)
  Crazy Yiuf (D:2)
  2 human zombies (Ossuary)
  A gnoll bouda (Orc:2)
  5 hounds
  10 orc priests
  4 jellies (D:7)
  3 sleepcaps
  2 iguanas
  Ijyb (D:3)
  8 orc wizards
  2 mummies (Ossuary)
  23 gnolls
  15 adders
  A shadow imp (D:5)
  An ufetubus (D:7)
  A worm (D:2)
  4 dart slugs
  76 orcs
  5 ball pythons
  14 bats
  5 endoplasms
  A giant cockroach (D:2)
  5 gnoll zombies (Ossuary)
  9 hobgoblins
  5 quokkas
  9 frilled lizards
  9 goblins
  A hobgoblin zombie (Ossuary)
  8 kobolds
  4 orc zombies (Ossuary)
  5 rats
408 creatures vanquished.

Notes
Turn   | Place    | Note
-------+----------+-------------------------------------------
     0 | D:1      | DemonSlayer the Demonspawn Earth Elementalist began the
                  | quest for the Orb.
     0 | D:1      | Reached XP level 1. HP: 13/13 MP: 3/3
   242 | D:1      | Gained mutation: You are surrounded by a mild repulsion
                  | field. (EV +2) [demonic ancestry]
   242 | D:1      | Reached XP level 2. HP: 19/19 MP: 5/5
   444 | D:1      | Reached skill level 1 in Transmutations
   657 | D:1      | Reached XP level 3. HP: 24/24 MP: 6/6
  1641 | D:2      | Reached XP level 4. HP: 26/31 MP: 5/8
  1925 | D:2      | Reached skill level 3 in Spellcasting
  2194 | D:2      | Found a runed translucent door.
  2195 | D:2      | Noticed Crazy Yiuf
  2204 | D:2      | Killed Crazy Yiuf
  2313 | D:2      | Reached XP level 5. HP: 36/36 MP: 5/10
  2361 | D:2      | Learned a level 2 spell: Passwall
  2365 | D:2      | Learned a level 3 spell: Stone Arrow
  2369 | D:2      | Learned a level 3 spell: Swiftness
  2555 | D:3      | Noticed Ijyb
  2602 | D:3      | Killed Ijyb
  2778 | D:3      | Reached skill level 1 in Fighting
  2786 | D:3      | Reached skill level 4 in Spellcasting
  2822 | D:3      | Identified the +3 leather armour of the Blessed Realm
                  | {Regen+}
  2914 | D:3      | Identified the +3 sling of Pandemonium {heavy, Dex+2}
  2918 | D:3      | Found Tinailuf's Distillery.
  2943 | D:3      | Gained mutation: You have a pair of small horns on your
                  | head. [demonic ancestry]
  2943 | D:3      | Reached XP level 6. HP: 29/43 MP: 1/12
  2987 | D:3      | Bought a potion of heal wounds for 70 gold pieces
  3189 | D:3      | Found a shimmering blue altar of Sif Muna.
  3218 | D:3      | Got Sif Muna's Papyrus of Infection
  3220 | D:3      | Got Sif Muna's Precepts of Arcane Combat
  3222 | D:3      | Got Sif Muna's Almanac of the Gestalt
  3228 | D:3      | Learned a level 4 spell: Petrify
  3613 | D:4      | Found a shadowy altar of Dithmenos.
  3636 | D:4      | Became a worshipper of Dithmenos the Shadowed
  3709 | D:4      | Found an opulent altar of Gozag.
  4183 | D:5      | Entered Level 5 of the Dungeon
  4206 | D:5      | Reached skill level 5 in Spellcasting
  4206 | D:5      | Gained mutation: You are surrounded by a moderate repulsion
                  | field. (EV +3) [demonic ancestry]
  4206 | D:5      | Reached XP level 7. HP: 46/48 MP: 11/14
  4392 | D:5      | Reached skill level 5 in Earth Magic
  4525 | D:5      | Reached skill level 1 in Armour
  4869 | D:6      | Found a staircase to the Ecumenical Temple.
  4922 | D:6      | Found a sand-covered staircase.
  4931 | Ossuary  | Entered an ossuary
  4956 | Ossuary  | Reached skill level 6 in Spellcasting
  4956 | Ossuary  | Reached XP level 8. HP: 54/54 MP: 10/17
  4956 | Ossuary  | Reached * piety under Dithmenos
  5361 | D:6      | Found a runed translucent gate.
  5361 | D:6      | Found a runed translucent gate.
  5361 | D:6      | Found a runed translucent gate.
  5361 | D:6      | Found an opulent altar of Gozag.
  5361 | D:6      | Noticed a komodo dragon
  5368 | D:6      | Noticed a gargoyle
  5370 | D:6      | Noticed Fractals's ghost (novice KoBe)
  5482 | D:6      | Reached skill level 7 in Spellcasting
  5498 | D:6      | Identified the +8 rapier "Demonbane" {heavy, rPois Will+
                  | Dex+2}
  5886 | D:6      | Reached ** piety under Dithmenos
  5890 | D:6      | Reached skill level 1 in Short Blades
  6166 | D:6      | Noticed a two-headed ogre
  6252 | D:6      | Found a hide-covered altar of Uskayaw.
  6797 | D:3      | Bought 2 potions of curing for 84 gold pieces
  6797 | D:3      | Bought a potion of haste for 140 gold pieces
  6797 | D:3      | Bought 2 potions of curing for 84 gold pieces
  6797 | D:3      | Bought a potion of curing for 42 gold pieces
  7018 | D:7      | Reached XP level 9. HP: 55/59 MP: 14/20
  7294 | D:7      | Reached skill level 1 in Conjurations
  7357 | D:7      | Reached skill level 8 in Spellcasting
  7404 | D:7      | Found a broken altar of Ashenzari.
  7746 | D:7      | Noticed Joseph
  7753 | D:7      | Killed Joseph
  7995 | D:7      | Noticed a tengu conjurer
  7995 | D:7      | Noticed a green ugly thing
  8032 | D:7      | Killed a tengu conjurer
  8033 | D:7      | Gained mutation: You regenerate a little health from kills.
                  | [demonic ancestry]
  8033 | D:7      | Reached XP level 10. HP: 67/67 MP: 18/22
  8106 | D:7      | Killed a green ugly thing
  8107 | D:7      | Reached skill level 9 in Spellcasting
  8779 | D:8      | Noticed Grum
  8818 | D:8      | Killed Grum
  8950 | D:8      | Noticed a two-headed ogre
  8961 | D:8      | Killed a two-headed ogre
  9123 | D:8      | Noticed Erica
  9127 | D:8      | Killed Erica
  9217 | D:8      | Reached *** piety under Dithmenos
  9221 | D:8      | Noticed a two-headed ogre
  9230 | D:8      | Killed a two-headed ogre
  9631 | D:8      | Noticed Maurice
  9649 | D:8      | Killed Maurice
  9656 | D:8      | Learned a level 2 spell: Blink
  9828 | D:8      | Found a sparkling altar of Nemelex Xobeh.
  9896 | D:8      | Found a sacrificial altar of Ru.
 10202 | D:8      | Gained mutation: A meltable shield of frost defends you.
                  | (SH +0) [demonic ancestry]
 10202 | D:8      | Reached XP level 11. HP: 74/74 MP: 17/24
 11030 | D:9      | Noticed a two-headed ogre
 11034 | D:9      | Killed a two-headed ogre
 11171 | D:9      | Found a radiant altar of Vehumet.
 11201 | D:9      | Noticed a centaur warrior
 11206 | D:9      | Reached skill level 1 in Evocations
 11211 | D:9      | Killed a centaur warrior
 11382 | D:9      | Reached skill level 1 in Shields
 11505 | D:9      | Found a staircase to the Lair.
 11521 | D:9      | Reached **** piety under Dithmenos
 11675 | D:9      | Reached skill level 10 in Spellcasting
 12003 | D:9      | Found a staircase to the Orcish Mines.
 12053 | Lair:1   | Entered Level 1 of the Lair of Beasts
 12098 | Lair:1   | Found a gate leading to a gauntlet.
 12109 | Gauntlet | Entered a Gauntlet
 12109 | Gauntlet | Found a transporter.
 12212 | Gauntlet | Found a transporter.
 12230 | Gauntlet | Found a transporter.
 12234 | Gauntlet | Found a transporter.
 12238 | Gauntlet | Noticed a thrashing horror
 12240 | Gauntlet | Found a transporter.
 12257 | Gauntlet | Noticed a balrug
 12260 | Gauntlet | Found a transporter.
 12263 | Gauntlet | Found a transporter.
 12267 | Gauntlet | Found a transporter.
 12286 | Gauntlet | Noticed a quicksilver ooze
 12297 | Gauntlet | Found a transporter.
 12297 | Gauntlet | Found a transporter.
 12299 | Gauntlet | Found a transporter.
 12338 | Gauntlet | Found a transporter.
 12397 | Gauntlet | Noticed a catoblepas
 12470 | Gauntlet | HP: 2/75 [meliai/+0 war axe (8)]
 12486 | Gauntlet | Reached skill level 5 in Dodging
 12491 | Gauntlet | HP: 3/75 [meliai/+0 war axe (10)]
 12606 | Gauntlet | Identified the +1 pair of gloves "Kurhis" {rN+ Int+3 Dex+3}
 12631 | Gauntlet | Killed a quicksilver ooze
 12945 | Gauntlet | Noticed a minotaur
 12959 | Gauntlet | Killed a minotaur
 13686 | Lair:1   | Reached skill level 5 in Conjurations
 13704 | Lair:1   | Found the +8 whip "Snakebite" {venom, curare, rPois}
 13812 | Lair:1   | Reached XP level 12. HP: 80/81 MP: 5/26
 14005 | Lair:1   | Reached skill level 10 in Earth Magic
 14611 | Lair:1   | Learned a level 4 spell: Leda's Liquefaction
 14616 | Lair:1   | Learned a level 4 spell: Dispel Undead
 14790 | D:6      | Killed Fractals's ghost
 14794 | D:6      | Killed a two-headed ogre
 15084 | Orc:1    | Entered Level 1 of the Orcish Mines
 15284 | Orc:1    | Reached skill level 11 in Spellcasting
 15534 | Orc:1    | Found a transporter.
 15541 | Orc:1    | Found a transporter.
 15541 | Orc:1    | Found a transporter.
 15549 | Orc:1    | Found a sparkling altar of Nemelex Xobeh.
 15549 | Orc:1    | Noticed a juggernaut
 15550 | Orc:1    | Found a transporter.
 15550 | Orc:1    | Found a transporter.
 15554 | Orc:1    | Found a transporter.
 15806 | Orc:1    | Found Leddu Rin's Magic Scroll Shoppe.
 15991 | Lair:2   | Reached skill level 5 in Stealth
 16016 | Lair:2   | Noticed a death yak
 16017 | Lair:2   | Noticed a death yak
 16017 | Lair:2   | Noticed a death yak
 16018 | Lair:2   | Noticed a death yak
 16018 | Lair:2   | Noticed a death yak
 16027 | Lair:2   | Killed a death yak
 16223 | Orc:2    | Entered Level 2 of the Orcish Mines
 16496 | Orc:1    | Reached ***** piety under Dithmenos
 16943 | Orc:2    | Reached skill level 5 in Short Blades
 17217 | Orc:2    | Reached skill level 5 in Armour
 17284 | Orc:2    | Found Cealexet's Antique Armour Emporium.
 17284 | Orc:2    | Found Eciojul's Antique Armour Shop.
 17463 | Orc:2    | Reached XP level 13. HP: 88/88 MP: 18/28
 17627 | Orc:2    | Found a staircase to the Elven Halls.
 17838 | Orc:2    | Found Xuimp's Book Emporium.
 17838 | Orc:2    | Found Azxelokh's Antique Armour Shop.
 17843 | Orc:2    | Bought a manual of Dodging for 1120 gold pieces
 17968 | Orc:2    | Noticed Saint Roka
 18007 | Orc:2    | Demolished by Saint Roka

Illustrated notes

Levels and vault maps discovered:
D:1:      tarquinn_simple_flora_water_a, layout_basic, dk_noncrumbling_4
D:2:      layout_basic, uniq_crazy_yiuf_cottage
D:3:      layout_loops_ring, nicolae_sif_muna_little_library, serial_shops,
          nicolae_shop_stone, uniq_ijyb
D:4:      layout_loops_cross, nicolae_dithmenos_shadow_blocks,
          mainiacjoe_overflow_paths, kennysheep_generic_room_3
D:5:      layout_basic, kennysheep_generic_room_2
D:6:      layout_loops_corners, lemuel_doored_altar, minmay_temple_entry_mist,
          chequers_ossuary_entry_cave, ebering_ghost_gozag, serial_rivers,
          chequers_serial_rivers_micro_a, chequers_serial_rivers_room_a,
          chequers_serial_rivers_micro_c, chequers_serial_rivers_micro_d,
          chequers_serial_rivers_large_a, chequers_serial_rivers_room_a,
          hangedman_decor_growths, chequers_serial_rivers_micro_e,
          minmay_misc_feat_four_crosses
D:7:      minmay_s_stair_smasher, layout_rooms, ashenzari_altar_1,
          minmay_three_doors, uniq_joseph
D:8:      layout_basic, mainiacjoe_overflow_chevrons,
          nemelex_spade_bored_becter, hangedman_decor_peaks_small, uniq_grum,
          uniq_erica, uniq_maurice
D:9:      layout_gridville, elyvilon_altar_5, mainiacjoe_overflow_cross_hatched,
          lair_entry_dummy, the_hattery
Lair:1:   minmay_guarded_unrand_snakebite, layout_gridlike,
          gauntlet_entry_generic, guppyfry_lair_drakes
Lair:2:   layout_chaotic_city
Orc:1:    layout_caves, serial_shops, nicolae_shop_rolled_up,
          hellmonk_jugg_or_not
Orc:2:    st_orc_town, layout_diamond_mine, uniq_saint_roka

Skill      XL: |  1  2  3  4  5  6  7  8  9 10 11 12 |
---------------+-------------------------------------+-----
Earth Magic    | 3 4 5 7 8 9 10 | 10.7
Transmutations | 1 |  1.1
Stealth        | 2 3 4 5 |  5.0
Spellcasting   | 3 4 5 6 7 8 9 10 11 | 11.7
Fighting       | 1 2 3 4 |  4.0
Armour         | 1 2 3 4 5 |  5.1
Dodging        | 2 3 4 5 6 |  6.2
Short Blades   | 1 3 4 5 |  5.3
Conjurations   | 1 3 5 7 |  7.4
Evocations     | 1 |  1.7
Shields        | 1 3 |  3.1
Axes           | |  0.3

Action                     |  1- 3 |  4- 6 |  7- 9 | 10-12 | 13-15 || total
---------------------------+-------+-------+-------+-------+-------++-------
  Melee: Hand axe          |    29 |       |       |       |       ||    29
         Dagger            |    17 |     5 |     3 |       |       ||    25
         Rapier            |       |       |    39 |   249 |    18 ||   306
         Headbutt          |       |       |     4 |    52 |     5 ||    61
   Cast: Sandblast         |    49 |   120 |   209 |       |       ||   378
         Passwall          |       |     2 |       |       |       ||     2
         Stone Arrow       |       |       |    23 |   315 |    26 ||   364
  Evoke: Wand              |       |       |     3 |     9 |       ||    12
         Phantom mirror    |       |       |       |     1 |     1 ||     2
    Use: Potion            |     1 |     1 |       |     8 |     4 ||    14
         Scroll            |       |    14 |     7 |    12 |       ||    33
   Stab: Sleeping          |     6 |     1 |     3 |     9 |       ||    19
         Distracted        |       |       |       |     1 |       ||     1
 Armour: Robe              |    19 |     3 |       |       |       ||    22
         Leather armour    |       |    16 |    74 |   145 |    13 ||   248
  Dodge: Dodged            |    66 |    60 |   228 |   630 |    29 ||  1013
  Block: Orb               |       |       |       |    83 |     5 ||    88
